AoeStats
← unknxwwwn

Arena

510543967Analyzed
4v4 RM · 1d ago on Oct 1, 2026· 46m 26s· 8 players
Game mode
Random Map
Map size
Large (8 player)
Population
200
Speed
Normal
Resources
Standard
Victory
Conquest
Starting age
Dark Age
Ending age
Imperial Age
RankedLock teamsTeams togetherTeam positionsShared explorationLock speedFull tech treeHidden civsTurbo modeCheats
Victory
Defeat
🇺🇸 Burgundians · United States
888
+14
🇨🇳 Cumans · China
886
+14
🇨🇳 Bohemians · China
787
+19
🇺🇸 Khmer · United States
784
+18
🇪🇸 Franks · Spain
879
-17
🇫🇷 Teutons · France
854
-17
🇷🇺 Chinese · Russia
836
-16
🇷🇺 Goths · Russia
800
-15
unknxwwwn
13:26 Feudal Age
16:21 Double-Bit Axe
18:07 Horse Collar
21:47 Castle Age
20:07 Stone Mining
20:08 Gold Mining
22:32 Heavy Plow
22:44 Bow Saw
27:52 Fortified Wall
27:40 Murder Holes
29:18 Great Wall
29:43 Masonry
33:50 Imperial Age
33:59 Stone Shaft Mining
34:00 Gold Shaft Mining
33:32 Padded Archer Armor
33:22 Fletching
36:19 Wheelbarrow
36:54 Conscription
AMALARI
10:47 Feudal Age
16:27 Castle Age
15:11 Double-Bit Axe
18:00 Wheelbarrow
20:56 Loom
24:19 Gold Mining
29:44 Imperial Age
27:34 Hand Cart
29:13 Murder Holes
29:28 Husbandry
29:39 Forging
30:03 Scale Barding Armor
31:01 Iron Casting
30:58 Bow Saw
30:46 Cavalier
32:49 Chain Barding Armor
34:07 Gold Shaft Mining
33:26 Stone Mining
35:11 Blast Furnace
36:14 Plate Barding Armor
35:38 Fletching
36:15 Town Watch
37:29 Ordonnance Companies
38:14 Scale Mail Armor
39:42 Paladin
41:44 Chain Mail Armor
42:17 Elite Throwing Axeman
43:27 Conscription
45:11 Plate Mail Armor
46:13 Bodkin Arrow
Rislo69
10:26 Feudal Age
10:54 Double-Bit Axe
10:52 Horse Collar
18:40 Castle Age
18:57 Stone Mining
18:59 Gold Mining
30:49 Imperial Age
28:07 Town Watch
28:08 Loom
29:45 Wheelbarrow
30:41 Bow Saw
30:35 Heavy Plow
30:41 Town Patrol
31:21 Bloodlines
32:08 Hand Cart
32:31 Conscription
32:55 Squires
32:41 Arson
32:22 Cavalier
34:03 Forging
33:59 Scale Barding Armor
34:19 Caravan
35:52 Iron Casting
35:16 Onager
36:22 Chain Barding Armor
37:44 Crop Rotation
38:39 Blast Furnace
37:40 Padded Archer Armor
39:34 Two-Man Saw
38:12 Paladin
39:44 Ironclad
40:33 Chemistry
39:51 Pikeman
41:23 Scale Mail Armor
41:59 Plate Barding Armor
41:39 Leather Archer Armor
42:31 Gambesons
Royce
13:28 Feudal Age
21:15 Castle Age
19:55 Forging
19:46 Scale Mail Armor
20:34 Double-Bit Axe
20:31 Horse Collar
25:50 Bow Saw
29:58 Heavy Plow
30:36 Wheelbarrow
31:05 Squires
31:29 Anarchy
34:28 Man-at-Arms
34:48 Pikeman
36:11 Iron Casting
35:51 Chain Mail Armor
42:08 Imperial Age
39:55 Hand Cart
42:04 Long Swordsman
Anipazronkin
0:27 Loom
2:07 Loom
10:05 Double-Bit Axe
12:25 Wheelbarrow
11:55 Stone Mining
12:26 Horse Collar
15:57 Feudal Age
15:42 Gold Mining
16:56 Hand Cart
16:28 Town Watch
17:13 Bow Saw
17:20 Heavy Plow
18:39 Stone Shaft Mining
19:33 Gold Shaft Mining
20:08 Scale Mail Armor
20:18 Forging
20:41 Fletching
22:10 Arson
26:15 Town Watch
28:34 Castle Age
30:07 Chain Mail Armor
30:28 Iron Casting
29:14 Pikeman
29:57 Squires
29:54 Bodkin Arrow
31:07 Guilds
32:35 Two-Man Saw
32:08 Crop Rotation
33:09 Murder Holes
33:34 Ballistics
41:33 Burgundian Vineyards
41:38 Scale Barding Armor
44:26 Chain Barding Armor
44:08 Husbandry
47:54 Imperial Age
45:27 Town Patrol
47:57 Imperial Age
46:03 Cavalier
种田养鱼
5:15 Loom
9:13 Feudal Age
10:37 Double-Bit Axe
12:02 Horse Collar
17:35 Town Watch
19:08 Wheelbarrow
22:31 Castle Age
21:12 Forging
21:18 Scale Barding Armor
22:04 Gold Mining
22:04 Stone Mining
22:34 Bloodlines
24:02 Iron Casting
24:01 Bow Saw
23:54 Heavy Plow
30:24 Chain Barding Armor
34:53 Imperial Age
32:48 Steppe Husbandry
33:41 Pikeman
34:22 Squires
34:24 Scale Mail Armor
34:55 Elite Steppe Lancer
36:40 Blast Furnace
36:15 Plate Barding Armor
36:18 Chain Mail Armor
40:19 Halberdier
42:32 Light Cavalry
seven^^
11:12 Feudal Age
15:47 Castle Age
14:29 Double-Bit Axe
17:22 Horse Collar
25:30 Sanctity
25:21 Fervor
33:29 Imperial Age
32:57 Heavy Plow
33:10 Bow Saw
33:47 Wheelbarrow
34:18 Chemistry
34:58 Wagenburg Tactics
35:02 Elite Hussite Wagon
36:39 Caravan
38:16 Pikeman
38:58 Squires
38:45 Arson
39:57 Halberdier
42:13 Houfnice
eleven
11:02 Feudal Age
12:32 Wheelbarrow
11:48 Double-Bit Axe
16:14 Castle Age
14:41 Horse Collar
16:34 Stone Mining
16:35 Gold Mining
17:38 Hand Cart
19:23 Stone Shaft Mining
26:04 Bow Saw
27:46 Heavy Plow
31:17 Imperial Age
30:00 Town Watch
30:42 Scale Mail Armor
30:52 Forging
30:49 Scale Barding Armor
31:37 Town Patrol
31:22 Loom
33:15 Chemistry
32:11 Murder Holes
32:24 Siege Engineers
32:41 Ballistics
32:33 Masonry
33:03 Iron Casting
32:43 Chain Mail Armor
32:39 Padded Archer Armor
33:31 Coinage
33:02 Caravan
34:35 Gold Shaft Mining
34:02 Double Crossbow
34:23 Conscription
34:05 Fletching
34:39 Chain Barding Armor
33:54 Crossbowman
36:20 Banking
36:01 Heavy Scorpion
36:29 Arbalester
36:56 Onager
38:31 Pikeman
38:57 Arson
40:03 Halberdier
42:18 Light Cavalry
43:08 Bloodlines
42:59 Husbandry
43:20 Hussar
Connection lost

Rejoining the realm…

Still unreachable

The connection could not be restored.

Session expired

The server has moved on; the page needs a fresh start.